 Dungeon Crawl Stone Soup version 0.21.1-1-g345015f (webtiles) character file.

126 kae the Ruffian (level 4, -9/36 HPs)
             Began as a Draconian Transmuter on June 6, 2018.
             Killed by nerve-wracking pain
             ... invoked by a shadow imp
              (13 damage)
             ... on level 2 of the Dungeon.
             The game lasted 00:01:08 (1813 turns).

kae the Ruffian (Draconian Transmuter)              Turns: 1813, Time: 00:01:09

Health: -9/36      AC:  6    Str: 13    XL:     4   Next: 83%
Magic:  7/7        EV: 12    Int: 13    God:
Gold:   114        SH:  0    Dex: 12    Spells: 6/7 levels left

rFire    . . .     SeeInvis .   f - +2 dagger (venom)
rCold    . . .     Gourm    .   (no shield)
rNeg     . . .     Faith    .   (armour unavailable)
rPois    .         Spirit   .   (helmet restricted)
rElec    .         Reflect  .   (no cloak)
rCorr    .         Harm     .   (no gloves)
MR       .....                  g - +0 pair of boots
Stlth    +.........             (no amulet)
HPRegen  0.12/turn              (no ring)
MPRegen  0.10/turn              (no ring)

@: no status effects
A: unfitting armour, cold-blooded, AC +5
a: no special abilities


You were on level 2 of the Dungeon.
You were not hungry.

You visited 1 branch of the dungeon, and saw 2 of its levels.

You collected 114 gold pieces.

Inventory:

Hand Weapons
 f - a +2 dagger of venom (weapon)
Missiles
 a - 12 arrows
Armour
 g - a +0 pair of boots (worn)
Jewellery
 e - an uncursed ring of resist corrosion {unknown}
Scrolls
 d - a scroll of remove curse {unknown}
 h - a scroll of fog {unknown}
Books
 b - a book of Changes

   Spells                             Type                      Level
   a - Beastly Appendage              Transmutation                1
   b - Sticks to Snakes               Transmutation                2
   c - Spider Form                    Transmutation/Poison         3
   d - Ice Form                       Ice/Transmutation            4
   e - Blade Hands                    Transmutation                5
Comestibles
 c - 4 rations
 i - a chunk of flesh


   Skills:
 + Level 2.0 Fighting
 + Level 2.3 Dodging
 * Level 3.9 Unarmed Combat
 + Level 2.4 Spellcasting
 * Level 3.2 Transmutations


You had 6 spell levels left.
You knew the following spells:

 Your Spells              Type           Power        Failure   Level  Hunger
a - Beastly Appendage     Tmut           #.....       6%          1    #......


Dungeon Overview and Level Annotations

Branches:
Dungeon (2/15)

Altars:


Innate Abilities, Weirdness & Mutations

Your plain brown scales are hard. (AC +5)
You cannot fit into any form of body armour.
You are cold-blooded and may be slowed by cold attacks.


Message History

The shadow imp hits you.
You hit the shadow imp but do no damage.
The shadow imp is lightly wounded.
The shadow imp closely misses you.
You hit the shadow imp.
Your tail-slap misses the shadow imp.
The shadow imp is moderately wounded.
The shadow imp hits you.
* * * LOW HITPOINT WARNING * * *
You hit the shadow imp.
The shadow imp is heavily wounded.
The shadow imp hits you.
* * * LOW HITPOINT WARNING * * *
You barely miss the shadow imp.
The shadow imp is heavily wounded.
The shadow imp hits you.
* * * LOW HITPOINT WARNING * * *
The shadow imp spits at you. The shadow imp gestures at you.
Pain shoots through your body!
You die...

#............# #...5.....#
#.##########.# #.#######.# #.#
#.# #.# #.#.# #.# #.# #.# #....
#.# #.# #.#####.#.# #.#
#.#########....##.#.# #.#
#######..............[..... #.#
#........########....##.#.# #.#
#.........@...5......##.#.# #.#
#........########.......#..
#.####........########.#####.#..
#............>..................
######..............##......5...
#..............###########.
#.................. ..
#..............#### #.
###########........ #.


You could see a shadow imp.

Vanquished Creatures
  An ice beast (D:2)
  An adder (D:2)
  2 dart slugs (D:2)
  3 giant cockroaches
  4 hobgoblins
  2 bats (D:1)
  A frilled lizard (D:1)
  2 goblins
  2 kobolds (D:2)
  2 rats
20 creatures vanquished.

Notes
Turn   | Place    | Note
-------+----------+-------------------------------------------
     0 | D:1      | kae the Draconian Transmuter began the quest for the Orb.
     0 | D:1      | Reached XP level 1. HP: 16/16 MP: 3/3
   504 | D:1      | Reached XP level 2. HP: 23/23 MP: 5/5
  1640 | D:2      | Reached XP level 3. HP: 27/28 MP: 6/6
  1747 | D:2      | Noticed an ice beast
  1787 | D:2      | Killed an ice beast
  1787 | D:2      | Reached XP level 4. HP: 16/36 MP: 7/7
  1813 | D:2      | Killed from afar by a shadow imp

Skill      XL: |  1  2  3 |
---------------+----------+-----
Dodging        | 2 |  2.3
Fighting       | 2 |  2.0
Transmutations | 3 |  3.2
Unarmed Combat | |  3.9
Spellcasting   | |  2.4

Action                   |  1- 3 |  4- 6 || total
-------------------------+-------+-------++-------
Melee: Unarmed           |    53 |       ||    53
       Kick              |     2 |       ||     2
       Tailslap          |     4 |     1 ||     5
       Dagger            |    18 |     6 ||    24
       Headbutt          |     3 |       ||     3
 Cast: Beastly Appendage |     7 |       ||     7
  Use: Potion            |     2 |       ||     2
  Eat: Chunk             |     3 |       ||     3
Armor: Skin              |    27 |     2 ||    29
Dodge: Dodged            |    46 |     1 ||    47
